 Dungeon Crawl Stone Soup version 0.27-a0-1513-g2aaa0cc67b (webtiles) character file.

Game seed: 16523549406215990701

73 robertstho the Magician (level 4, -7/31 HPs)
             Began as a Djinni Fire Elementalist on July 9, 2021.
             Mangled by an ogre (34 damage)
             ... on level 2 of the Dungeon.
             The game lasted 00:02:23 (2449 turns).

robertstho the Magician (Djinni Fire Elementalist)  Turns: 2449, Time: 00:02:23

Health: -7/31      AC:  2    Str:  7    XL:     4   Next: 51%
Gold:   70         EV: 12    Int: 18    God:
                   SH:  0    Dex: 13

rFire    + + +     SeeInvis .   s - +0 dagger
rCold    x x .     Faith    .   (no shield)
rNeg     . . .     Spirit   .   a - +0 robe
rPois    ∞         Reflect  .   (no helmet)
rElec    .         Harm     .   (no cloak)
rCorr    .         Rampage  .   (no gloves)
Will     .....                  (boots unavailable)
Stlth    ++........             (no amulet)
HPRegen  0.10/turn              h - ring of fire
MPRegen  0.00/turn              n - ring of wizardry

@: flying, very slightly contaminated
A: sickness immunity, fire resistance 2, cold vulnerability 1, float, innate
caster, hp casting, extra vitality 1
a: no special abilities


You were on level 2 of the Dungeon.
You visited 1 branch of the dungeon, and saw 2 of its levels.

You collected 70 gold pieces.

Inventory:

Hand Weapons
 s - a +0 dagger (weapon)
Armour
 a - a +0 robe (worn)
Jewellery
 h - a ring of fire (left hand)
 n - a ring of wizardry (right hand)
Scrolls
 c - a scroll of enchant armour {unknown}
 d - 2 scrolls of teleportation {unknown}
 e - a scroll of blinking {unknown}
 i - a scroll of torment {unknown}
 j - a scroll of brand weapon {unknown}
 k - a scroll of summoning {unknown}
 m - a scroll of fear {unknown}
 o - a scroll of fog {unknown}
 p - a scroll of noise {unknown}
Potions
 b - 2 potions of magic {unknown}
 f - a potion of lignification {unknown}
 g - a potion of heal wounds {unknown}
 l - a potion of curing {unknown}
 q - a potion of invisibility {unknown}
 r - a potion of resistance {unknown}


   Skills:
 * Level 0.9 Fighting
 + Level 2.2 Dodging
 + Level 1.6 Stealth
 * Level 3.7 Spellcasting


You couldn't memorise any spells.
You knew the following spells:

 Your Spells              Type           Power      Damage    Failure   Level
a - Foxfire               Conj/Fire      100%       2x1d9     1%          1
b - Conjure Flame         Conj/Fire      25%        6-21      4%          3
c - Inner Flame           Hex/Fire       25%        N/A       4%          3
d - Sticky Flame          Conj/Fire      25%        2d5       13%         4
e - Fireball              Conj/Fire      12%        3d7       32%         5
f - Animate Skeleton      Necr           32%        N/A       1%          1
Your spell library was empty.

Dungeon Overview and Level Annotations

Branches:
Dungeon (2/15)

Altars:


Innate Abilities, Weirdness & Mutations

You are immune to sickness and miasma.
You are immune to poison.
Your flesh is very heat resistant. (rF++)
You are vulnerable to cold. (rC-)
You float through the air rather than walking.
You learn spells naturally, not from books.
Your magical power is your life essence.
You have superior vitality. (+4 HP)


Message History

Your foxfire dissipates!
Your foxfire dissipates! x2
Things that are here:
a +0 dagger; a goblin corpse
s - a +0 dagger (weapon)
You now have 70 gold pieces (gained 11).
An ogre comes into view. It is wielding a +0 giant spiked club.
The ogre shouts!
The ogre moves out of view.
Found a great mace.
An ogre is nearby!
An ogre is nearby!
An ogre is nearby!
An ogre is nearby!
Casting: Foxfire (safe; 1% risk of failure)
Press: ? - help, Q - select action, (/) - cycle Dir - look around, f - activate You feel a surge of power!
You conjure some foxfire!
Casting: Foxfire (safe; 1% risk of failure)
Press: ? - help, Q - select action, (/) - cycle Dir - look around, f - activate You feel a surge of power!
You conjure some foxfire!
Unknown command.
Casting: Foxfire (safe; 1% risk of failure)
Press: ? - help, Q - select action, (/) - cycle Dir - look around, f - activate You feel a surge of power!
You miscast Foxfire.
You are very lightly contaminated with residual magic.
Nothing appears to happen.
The foxfire hits the ogre.
The ogre is lightly wounded.
The foxfire hits the ogre.
The ogre is heavily wounded.
Casting: Foxfire (safe; 1% risk of failure)
Press: ? - help, Q - select action, (/) - cycle Dir - look around, f - activate You feel a surge of power!
You miscast Foxfire.
Nothing appears to happen.
Unknown command.
Casting: Foxfire (safe; 1% risk of failure)
Press: ? - help, Q - select action, (/) - cycle Dir - look around, f - activate You feel a surge of power!
You conjure some foxfire!
The ogre hits you with a +0 giant spiked club!!
Ouch! That really hurt!
You die...

§v..... ..... ... #.#
#.########
###.........
#.....#.###
#..Ov..#.##
+..@v†..#.##
###........#.## # #.
............#.# . #.#
####..........#.#.#.#
#...........#.#.#...
#####........#.#....
#.........#.....
#.##......#.....
#.#.#.....#...8.


You could see an ogre (ally target).

Vanquished Creatures
  2 adders (D:2)
  A worm (D:2)
  2 dart slugs
  3 bats
  5 endoplasms
  3 giant cockroaches
  4 goblins
  4 hobgoblins
  8 jackals
  3 kobolds
  3 ball pythons (D:2)
  4 frilled lizards
  2 rats
44 creatures vanquished.

Vanquished Creatures (others)
  222 foxfires
222 creatures vanquished.

Grand Total: 266 creatures vanquished

Notes
Turn   | Place    | Note
-------+----------+-------------------------------------------
     0 | D:1      | robertstho the Djinni Fire Elementalist began the quest for
                  | the Orb.
     0 | D:1      | Reached XP level 1. HP: 15/15 MP: 0/0
    41 | D:1      | Reached XP level 2. HP: 8/21 MP: 0/0
   697 | D:1      | Found a faded altar of an unknown god.
   777 | D:1      | Reached skill level 3 in Spellcasting
   779 | D:1      | Reached XP level 3. HP: 20/26 MP: 0/0
   779 | D:1      | Learned a level 1 spell: Animate Skeleton
  1856 | D:2      | Reached XP level 4. HP: 24/31 MP: 0/0
  2439 | D:2      | Noticed an ogre
  2449 | D:2      | Mangled by an ogre

Illustrated notes

Levels and vault maps discovered:
D:1:      psy_arrival_fountain, layout_rooms,
          shapermc_ecumenical_altar_notcrosses, chequers_serial_rivers_marsh,
          serial_park_tiny_2
D:2:      wad_pebble_path, layout_basic, serial_shops, shop

Skill      XL: |  1  2 |
---------------+-------+-----
Spellcasting   | 3 |  3.7
Fighting       | |  0.9
Dodging        | |  2.2
Stealth        | |  1.6

Action                   |  1- 3 |  4- 6 || total
-------------------------+-------+-------++-------
 Cast: Foxfire           |    95 |    35 ||   130
Armor: Robe              |     2 |     1 ||     3
Dodge: Dodged            |    15 |     1 ||    16

Table legend: (Time is in decaauts)
 A = Elapsed time spent in this place.
 B = Non-inter-level travel time spent in this place.
 C = Inter-level travel time spent in this place.
 D = Time resting spent in this place.
 E = Time spent auto-exploring this place.
 F = Levels seen in this place.
 G = Mean time per level.
                   A        B        C        D        E       F      G
               +--------+--------+--------+--------+--------+-----+--------+
         Total |   2447 |   2428 |     19 |      0 |   2194 |   2 | 1223.5 |
       Dungeon |   2447 |   2428 |     19 |      0 |   2194 |   2 | 1223.5 |
               +--------+--------+--------+--------+--------+-----+--------+

Top non-repeatable levels by time:
     D:1: 1385 daAuts
     D:2: 1062 daAuts
